PBL
OAKLAND OAKS @ VICTORIA CAPITALS
06/01/2049
 
TOP OF THE 1ST
Oakland Oaks batting - Pitching for Victoria Capitals : RHP Bill Van Buskirk
Pitching: RHP Bill Van Buskirk
Batting: LHB Bill Helmer 0-0: Ball
1-0: Fly out, F9 (Line Drive, 9S, EV 95.0 MPH)
Batting: RHB Robby Britton 0-0: Ball
1-0: Ball
2-0: Foul Ball, location: 2F
2-1: Ball
3-1: Called Strike
3-2: Foul Ball, location: 2F
3-2: Strikes out swinging
Batting: LHB Justin LeFlore 0-0: Called Strike
0-1: Foul Ball, location: 2F
0-2: Ball
1-2: Ground out U3 (Groundball, 3, EV 100.6 MPH)
Top of the 1st over - 0 runs, 0 hits, 0 errors, 0 left on base; Oakland 0 - Victoria 0
BOTTOM OF THE 1ST
Victoria Capitals batting - Pitching for Oakland Oaks : RHP Eric Hanrahan
Pitching: RHP Eric Hanrahan
Batting: RHB Mike Reynolds 0-0: Called Strike
0-1: Foul Ball, location: 2F
0-2: Ball
1-2: Ball
2-2: Ball
3-2: Strikes out swinging
Batting: RHB Caleb Dean 0-0: Ball
1-0: Called Strike
1-1: Foul Ball, location: 2F
1-2: Foul Ball, location: 2F
1-2: Ball
2-2: Ball
3-2: SINGLE (Line Drive, 34D, EV 100.0 MPH)
Batting: LHB Rick Harrison 0-0: Ball
1-0: Ball
2-0: Called Strike
2-1: SINGLE (Groundball, 34S, EV 94.4 MPH) (infield hit)
Caleb Dean to second
Batting: LHB Willard Balcome 0-0: Ball
1-0: Foul Ball, location: 2F
1-1: Called Strike
1-2: Grounds into double play, 4-6-3 (Groundball, 4M, EV 91.9 MPH)
Bottom of the 1st over - 0 runs, 2 hits, 0 errors, 1 left on base; Oakland 0 - Victoria 0
TOP OF THE 2ND
Oakland Oaks batting - Pitching for Victoria Capitals : RHP Bill Van Buskirk
Batting: SHB Chris King 0-0: Ball
1-0: Swinging Strike
1-1: Fly out, F9 (Flyball, 89M, EV 78.1 MPH)
Batting: RHB Moises Guzman 0-0: Ball
1-0: Called Strike
1-1: Ball
2-1: Swinging Strike
2-2: Strikes out looking
Batting: RHB Mario Medina 0-0: Ball
1-0: Called Strike
1-1: Ball
2-1: Foul Ball, location: 2F
2-2: Foul Ball, location: 2F
2-2: Ball
3-2: Base on Balls
Batting: RHB Edwin Nunez 0-0: Ball
1-0: Swinging Strike
1-1: Ball
2-1: Swinging Strike
2-2: Strikes out swinging
Top of the 2nd over - 0 runs, 0 hits, 0 errors, 1 left on base; Oakland 0 - Victoria 0
BOTTOM OF THE 2ND
Victoria Capitals batting - Pitching for Oakland Oaks : RHP Eric Hanrahan
Batting: RHB Josh Rentz 0-0: Swinging Strike
0-1: Ball
1-1: Fly out, F2 (Popup, 25F, EV 83.8 MPH)
Batting: LHB Jason Cary 0-0: Called Strike
0-1: Ball
1-1: Swinging Strike
1-2: Strikes out swinging
Batting: LHB Mike Jones 0-0: Called Strike
0-1: Ball
1-1: Fly out, F5 (Popup, 56S, EV 83.1 MPH)
Bottom of the 2nd over - 0 runs, 0 hits, 0 errors, 0 left on base; Oakland 0 - Victoria 0
TOP OF THE 3RD
Oakland Oaks batting - Pitching for Victoria Capitals : RHP Bill Van Buskirk
Batting: RHB Jack Stadner 0-0: Ball
1-0: Reached on error, E6 (Groundball, 6, EV 88.8 MPH)
Batting: RHB Matt Nehman 0-0: Ball
1-0: Called Strike
1-1: Fly out, F4 (Popup, 4, EV 59.4 MPH)
Batting: LHB Bill Helmer 0-0: Foul Ball, location: 2F
0-1: Called Strike
0-2: Ball
1-2: Fly out, F8 (Flyball, 8RM, EV 73.8 MPH)
Batting: RHB Robby Britton 0-0: Foul Ball, location: 2F
0-1: Ball
1-1: Swinging Strike
1-2: Strikes out looking
Top of the 3rd over - 0 runs, 0 hits, 1 error, 1 left on base; Oakland 0 - Victoria 0
BOTTOM OF THE 3RD
Victoria Capitals batting - Pitching for Oakland Oaks : RHP Eric Hanrahan
Batting: RHB Hyeon-cheong Lee 0-0: Ball
1-0: Foul Ball, location: 2F
1-1: Swinging Strike
1-2: Strikes out looking
Batting: RHB Ray Wathey 0-0: Ball
1-0: Called Strike
1-1: SINGLE (Groundball, 56D, EV 103.1 MPH)
Batting: RHB Mike Reynolds 0-0: Swinging Strike
0-1: Foul Ball, location: 2F
0-2: Strikes out swinging
Batting: RHB Caleb Dean 0-0: Called Strike
0-1: Ball
1-1: Foul Ball, location: 2F
1-2: Ball
2-2: Strikes out looking
Bottom of the 3rd over - 0 runs, 1 hit, 0 errors, 1 left on base; Oakland 0 - Victoria 0
TOP OF THE 4TH
Oakland Oaks batting - Pitching for Victoria Capitals : RHP Bill Van Buskirk
Batting: LHB Justin LeFlore 0-0: SINGLE (Line Drive, 89S, EV 97.5 MPH)
Batting: SHB Chris King 0-0: Ball
1-0: Fly out, F9 (Line Drive, 9S, EV 86.9 MPH)
Batting: RHB Moises Guzman 0-0: Fly out, F5 (Popup, 56S, EV 71.2 MPH)
Batting: RHB Mario Medina 0-0: Ball
Justin LeFlore steals 2nd base (no throw)
1-0: Called Strike
1-1: Called Strike
1-2: Ball
2-2: Strikes out swinging
Top of the 4th over - 0 runs, 1 hit, 0 errors, 1 left on base; Oakland 0 - Victoria 0
BOTTOM OF THE 4TH
Victoria Capitals batting - Pitching for Oakland Oaks : RHP Eric Hanrahan
Batting: LHB Rick Harrison 0-0: Ball
1-0: Foul Ball, location: 2F
1-1: Swinging Strike
1-2: Ball
2-2: Strikes out swinging
Batting: LHB Willard Balcome 0-0: Called Strike
0-1: Hit by Pitch
Batting: RHB Josh Rentz 0-0: Called Strike
0-1: Foul Ball, location: 2F
0-2: Ball
1-2: Strikes out swinging
Batting: LHB Jason Cary 0-0: Ball
1-0: Foul Ball, location: 2F
1-1: Foul Ball, location: 2F
1-2: Strikes out swinging
Bottom of the 4th over - 0 runs, 0 hits, 0 errors, 1 left on base; Oakland 0 - Victoria 0
TOP OF THE 5TH
Oakland Oaks batting - Pitching for Victoria Capitals : RHP Bill Van Buskirk
Batting: RHB Edwin Nunez 0-0: Ball
1-0: Ball
2-0: Ball
3-0: Foul Ball, location: 2F
3-1: Base on Balls
Batting: RHB Jack Stadner 0-0: Ball
1-0: Swinging Strike
1-1: Ball
Edwin Nunez is caught stealing 2nd base 2-4
2-1: Swinging Strike
2-2: Foul Ball, location: 2F
2-2: Ground out 6-3 (Groundball, 6, EV 85.0 MPH)
Batting: RHB Matt Nehman 0-0: Called Strike
0-1: Ball
1-1: Swinging Strike
1-2: Strikes out swinging
Top of the 5th over - 0 runs, 0 hits, 0 errors, 0 left on base; Oakland 0 - Victoria 0
BOTTOM OF THE 5TH
Victoria Capitals batting - Pitching for Oakland Oaks : RHP Eric Hanrahan
Batting: LHB Mike Jones 0-0: Foul Ball, location: 2F
0-1: Ball
1-1: Ball
2-1: Ball
3-1: Base on Balls
Batting: RHB Hyeon-cheong Lee 0-0: Fly out, F7 (Flyball, 78M, EV 93.1 MPH)
Batting: RHB Ray Wathey 0-0: Foul Ball, location: 2F
0-1: Ball
1-1: Ball
2-1: Foul Ball, location: 2F
2-2: Ball
3-2: Strikes out swinging
Batting: RHB Mike Reynolds 0-0: SINGLE (Flyball, 8LS, EV 94.4 MPH)
Mike Jones to second
Runner from 2nd tries for 3rd, SAFE, throw by CF made to third
Batting: RHB Caleb Dean 0-0: Ball
1-0: Ball
2-0: Ball
3-0: Base on Balls
Mike Reynolds to second
Batting: LHB Rick Harrison 0-0: Called Strike
0-1: Swinging Strike
0-2: Ball
1-2: Ball
2-2: Ball
Wild Pitch!
Mike Jones scores
Mike Reynolds to third
Caleb Dean to second
3-2: SINGLE (Groundball, 6M, EV 103.1 MPH) (infield hit)
Mike Reynolds scores
Caleb Dean to third
Batting: LHB Willard Balcome 0-0: Ball
1-0: Called Strike
1-1: Ball
Pickoff Throw by Catcher to First - Out!
Bottom of the 5th over - 2 runs, 2 hits, 0 errors, 1 left on base; Oakland 0 - Victoria 2
TOP OF THE 6TH
Oakland Oaks batting - Pitching for Victoria Capitals : RHP Bill Van Buskirk
Batting: LHB Bill Helmer 0-0: Foul Ball, location: 2F
0-1: Foul Ball, location: 2F
0-2: DOUBLE (Line Drive, 7LM, EV 96.2 MPH)
Batting: RHB Robby Britton 0-0: Called Strike
0-1: Foul Ball, location: 2F
0-2: Strikes out swinging
Pitching: RHP Kevin Stodart
Batting: LHB Justin LeFlore 0-0: Called Strike
0-1: Called Strike
Bill Helmer is caught stealing 3rd base 2-5
0-2: Strikes out swinging
Top of the 6th over - 0 runs, 1 hit, 0 errors, 0 left on base; Oakland 0 - Victoria 2
BOTTOM OF THE 6TH
Victoria Capitals batting - Pitching for Oakland Oaks : RHP Eric Hanrahan
Batting: LHB Willard Balcome 0-0: Called Strike
0-1: Foul Ball, location: 2F
0-2: Ball
1-2: SINGLE (Groundball, 34D, EV 101.2 MPH)
Batting: RHB Josh Rentz 0-0: Ball
1-0: Called Strike
1-1: Swinging Strike
1-2: Strikes out swinging
Batting: LHB Jason Cary 0-0: Ball
1-0: Ball
2-0: Called Strike
2-1: Swinging Strike
2-2: Strikes out looking
Batting: LHB Mike Jones 0-0: Swinging Strike
0-1: Called Strike
0-2: Ball
1-2: Ball
2-2: Fly out, F6 (Line Drive, 6, EV 77.5 MPH)
Bottom of the 6th over - 0 runs, 1 hit, 0 errors, 1 left on base; Oakland 0 - Victoria 2
TOP OF THE 7TH
Oakland Oaks batting - Pitching for Victoria Capitals : RHP Kevin Stodart
Now at 1B: Kevin Harris
Now at 2B: Rich Roberts
Now at SS: Ray Wathey
Batting: SHB Chris King 0-0: Called Strike
0-1: Swinging Strike
0-2: Strikes out swinging
Batting: RHB Moises Guzman 0-0: Called Strike
0-1: Foul Ball, location: 2F
0-2: Ball
1-2: Fly out, F9 (Flyball, 89M, EV 95.0 MPH)
Batting: RHB Mario Medina 0-0: Foul Ball, location: 2F
0-1: Foul Ball, location: 2F
0-2: Ball
1-2: Ball
2-2: Ball
3-2: DOUBLE (Flyball, 8RXD, EV 88.8 MPH)
Pinch Hitting: LHB Brian Canny 0-0: Called Strike
0-1: Called Strike
0-2: Foul Ball, location: 2F
0-2: Strikes out looking
Top of the 7th over - 0 runs, 1 hit, 0 errors, 1 left on base; Oakland 0 - Victoria 2
BOTTOM OF THE 7TH
Victoria Capitals batting - Pitching for Oakland Oaks : RHP Eric Hanrahan
Now at 3B: Ernie McLean
Batting: RHB Hyeon-cheong Lee 0-0: Ball
1-0: Ball
2-0: Called Strike
2-1: Swinging Strike
2-2: Ball
3-2: Base on Balls
Pitching: RHP Matt Schmidt
Batting: RHB Ray Wathey 0-0: Ball
1-0: Ball
2-0: Foul Ball, location: 2F
2-1: Called Strike
2-2: Grounds into double play, 6-4-3 (Groundball, 6, EV 86.9 MPH)
Batting: RHB Mike Reynolds 0-0: Called Strike
0-1: Foul Ball, location: 2F
0-2: Ball
1-2: Ball
2-2: Foul Ball, location: 2F
2-2: SINGLE (Line Drive, 89S, EV 86.2 MPH)
Batting: SHB Rich Roberts 0-0: Ball
1-0: Fly out, F7 (Flyball, 7LD, EV 98.8 MPH)
Bottom of the 7th over - 0 runs, 1 hit, 0 errors, 1 left on base; Oakland 0 - Victoria 2
TOP OF THE 8TH
Oakland Oaks batting - Pitching for Victoria Capitals : RHP Kevin Stodart
Pinch Hitting: LHB Justin Conley 0-0: Swinging Strike
0-1: Swinging Strike
0-2: Ball
1-2: Ball
2-2: Ball
3-2: Foul Ball, location: 2F
3-2: Fly out, F9 (Flyball, 9, EV 94.4 MPH)
Pinch Hitting: RHB Ricky Furst 0-0: Ball
1-0: Foul Ball, location: 2F
1-1: Ground out 5-3 (Groundball, 56, EV 100.6 MPH)
Batting: LHB Bill Helmer 0-0: Foul Ball, location: 2F
0-1: Swinging Strike
0-2: Ground out 4-3 (Groundball, 4, EV 82.5 MPH)
Top of the 8th over - 0 runs, 0 hits, 0 errors, 0 left on base; Oakland 0 - Victoria 2
BOTTOM OF THE 8TH
Victoria Capitals batting - Pitching for Oakland Oaks : RHP Matt Schmidt
Now at 1B: Justin Conley
Now at 2B: Robby Britton
Now at SS: Alex Vidal
Batting: LHB Rick Harrison 0-0: Ball
1-0: Ground out 4-3 (Groundball, 34D, EV 100.6 MPH)
Batting: RHB Kevin Harris 0-0: Ball
1-0: Ball
2-0: Swinging Strike
2-1: Swinging Strike
2-2: Strikes out looking
Batting: RHB Josh Rentz 0-0: Fly out, F9 (Flyball, 89S, EV 88.1 MPH)
Bottom of the 8th over - 0 runs, 0 hits, 0 errors, 0 left on base; Oakland 0 - Victoria 2
TOP OF THE 9TH
Oakland Oaks batting - Pitching for Victoria Capitals : RHP Kevin Stodart
Pitching: LHP Frank White
Pinch Hitting: RHB Pat Betancourt 0-0: Swinging Strike
0-1: Foul Ball, location: 2F
0-2: Ball
1-2: Ball
2-2: Foul Ball, location: 2F
2-2: Foul Ball, location: 2F
2-2: Ball
3-2: Strikes out swinging
Batting: LHB Justin LeFlore 0-0: Ball
1-0: Ball
2-0: Called Strike
2-1: Swinging Strike
2-2: SINGLE (Line Drive, 6D, EV 96.2 MPH)
Batting: SHB Chris King 0-0: Fly out, F9 (Flyball, 89S, EV 74.4 MPH)
Batting: RHB Moises Guzman 0-0: Called Strike
0-1: SINGLE (Groundball, 56S, EV 68.1 MPH) (infield hit)
Justin LeFlore to second
Batting: RHB Mario Medina 0-0: Fly out, F9 (Flyball, 89S, EV 98.1 MPH)
Top of the 9th over - 0 runs, 2 hits, 0 errors, 2 left on base; Oakland 0 - Victoria 2
Sunday, July 16th , 2023 - OOTP Baseball 24.6 Build 69